 Dungeon Crawl Stone Soup version 0.31-a0-152-g6aa68a64a1 (webtiles) character file.

Game seed: 12037432468761811944

702 qw the Skirmisher (level 7, -4/61 HPs)
             Began as a Minotaur Hunter on June 10, 2023.
             Slain by Duvessa
             ... wielding a +0 short sword
              (7 damage)
             ... on level 4 of the Dungeon.
             The game lasted 00:01:14 (2999 turns).

qw the Skirmisher (Minotaur Hunter)                 Turns: 2999, Time: 00:01:14

Health: -4/61      AC:  7    Str: 11    XL:     7   Next: 38%
Magic:  6/6        EV: 13    Int:  6    God:
Gold:   236        SH:  5    Dex: 19    Spells: 6/6 levels left

rFire   . . .        Y - +1 shortbow (chaos)
rCold   . . .        (shield currently unavailable)
rNeg    . . .        e - +2 leather armour {rPois}
rPois   +            (helmet restricted)
rElec   .            f - +0 cloak
rCorr   +            (no gloves)
SInv    .            b - +0 pair of boots of the Stag {rCorr Str-4 Dex+3}
Will    +....        l - amulet of reflection
Stlth   +            a - ring of willpower
HPRegen 0.30/turn    (no ring)
MPRegen 0.10/turn

%: reflection
@: lit by a corona, glowing
A: horns 2, retaliatory headbutt
a: no special abilities


You were on level 4 of the Dungeon.
You visited 1 branch of the dungeon, and saw 4 of its levels.
You also visited: Sewer.

You collected 236 gold pieces.


Innate Abilities, Weirdness & Mutations

You have a pair of horns on your head.
You reflexively headbutt those who attack you in melee.


   Skills:
 - Level 5.1 Fighting
 + Level 8.2 Ranged Weapons
 - Level 1.1 Armour
 - Level 4.1 Dodging
 - Level 0.7 Stealth


You had 6 spell levels left.
You didn't know any spells.
Your spell library was empty.

Inventory:

Hand Weapons
 Y - a +1 shortbow of chaos (weapon)
Armour
 b - the +0 pair of boots of the Stag (worn) {rCorr Str-4 Dex+3}
   (You acquired it on level 3 of the Dungeon)

   Str:       It affects your strength (-4).
   Dex:       It affects your dexterity (+3).
   rCorr:     It protects you from acid and corrosion.
 e - a +2 leather armour of poison resistance (worn)
 f - a +0 cloak (worn)
 o - a scarf of resistance
Jewellery
 a - a ring of willpower (left hand)
 l - an amulet of reflection (around neck)
Scrolls
 h - a scroll of identify
Potions
 c - a potion of cancellation
 d - a potion of resistance
 g - a potion of berserk rage {unknown}
 i - a potion of heal wounds {unknown}
 j - a potion of curing {unknown}
 k - a potion of enlightenment {unknown}
 m - a potion of mutation {unknown}
 n - a potion of lignification {unknown}

Dungeon Overview and Level Annotations

Branches:
Dungeon (4/15)              Sewer (visited)
 Temple: D:4-7

Altars:

Annotations:
D:4 1 runed translucent door, Duvessa; qw's ghost, amateur MiHu


Message History

You shoot an arrow. The arrow barely misses Duvessa.
Duvessa barely misses you. Duvessa hits you but does no damage.
You shoot an arrow.
The arrow hits Duvessa but does no damage.
Duvessa is moderately wounded.
Duvessa hits you with a +0 short sword.
You shoot an arrow.
The arrow hits Duvessa but does no damage.
Duvessa is moderately wounded.
Duvessa hits you with a +0 short sword.
You shoot an arrow.
The arrow hits Duvessa but does no damage.
Duvessa suddenly seems more agile.
Duvessa is moderately wounded.
Duvessa misses you. You furiously retaliate!
You headbutt Duvessa. You block Duvessa's attack.
You shoot an arrow. The arrow barely misses Duvessa.
You block Duvessa's attack. Duvessa hits you with a +0 short sword.
You shoot an arrow. The arrow hits Duvessa!
Duvessa looks as sick as possible!
Duvessa is heavily wounded.
Duvessa hits you with a +0 short sword.
You shoot an arrow. The arrow hits Duvessa.
Duvessa is severely wounded.
Duvessa hits you with a +0 short sword. x2
You shoot an arrow. The arrow barely misses Duvessa.
You block Duvessa's attack.
You shoot an arrow. The arrow completely misses Duvessa.
Duvessa hits you with a +0 short sword! Duvessa hits you with a +0 short sword.
You shoot an arrow. The arrow closely misses Duvessa.
You block Duvessa's attack.
You shoot an arrow.
The arrow hits Duvessa but does no damage.
Duvessa is almost dead.
You block Duvessa's attack. x2
You shoot an arrow. The arrow closely misses Duvessa.
Duvessa is no longer moving quickly.
Duvessa barely misses you.
You shoot an arrow. The arrow hits Duvessa.
The arrow freezes Duvessa.
Duvessa is almost dead.
Duvessa completely misses you. Duvessa hits you with a +0 short sword!
You die...

... .......
....... .......
####....... .
#.......... ...
######..........
.....###
#........e......
....).@.
#####.####..@).###
######## #.....#
###...# ####
#####....## #####
###..# ...##....#
#....# ...##...##
#.##.# ........#
####.. .:......#
####.# ...#.#.##
#....# ...#.#.##
..##### ###
###....+


You could see Duvessa (berserk, agile, very poisoned, drained).

Vanquished Creatures
  Sigmund (D:2)
  Eustachio (D:4)
  2 scorpions (D:4)
  Dowan (D:4)
  A howler monkey (D:4)
  An orc priest (D:3)
  6 adders
  3 worms (D:3)
  A dart slug (D:1)
  6 orcs
  5 endoplasms
  9 giant cockroaches
  11 goblins
  14 hobgoblins
  2 quokkas
  8 ball pythons
  3 bats
  3 frilled lizards
  7 kobolds
  8 rats
93 creatures vanquished.

Notes
Turn   | Place    | Note
-------+----------+-------------------------------------------
     0 | D:1      | qw the Minotaur Hunter began the quest for the Orb.
     0 | D:1      | Reached XP level 1. HP: 18/18 MP: 0/0
     0 | D:1      | 0 ||| qw: Version: 0.2-a-122-gbc61b45
     0 | D:1      | 0 ||| qw: Game counter: 3643
     0 | D:1      | 0 ||| qw: Always use a shield: true
     0 | D:1      | 0 ||| qw: God list: Okawaru
     0 | D:1      | 0 ||| qw: Allow faded altars: false
     0 | D:1      | 0 ||| qw: Do Orc after D:15 true
     0 | D:1      | 0 ||| qw: Do second Lair branch before Depths: true
     0 | D:1      | 0 ||| qw: Lair rune preference: random
     0 | D:1      | 0 ||| qw: Plans: Normal
     0 | D:1      | 0 ||| PLANNING D:1-11
   180 | D:1      | Reached XP level 2. HP: 25/25 MP: 1/1
   187 | D:1      | Reached skill level 5 in Ranged Weapons
   488 | D:1      | Reached skill level 3 in Fighting
   697 | D:1      | 697 ||| UPGRADING to +2 leather armour of poison
                  | resistance.
   707 | D:1      | 707 ||| DROPPING +0 leather armour.
   708 | D:1      | 708 ||| READING scroll labelled DEDGHO TAOGE.
   709 | D:1      | 709 ||| READING scroll labelled DIOHO NIAKUHAM.
   710 | D:1      | 710 ||| READING scroll labelled SYADANI BAVVON.
   711 | D:1      | 711 ||| DROPPING scroll of butterflies.
   965 | D:2      | Reached XP level 3. HP: 31/31 MP: 2/2
  1190 | D:2      | Noticed Sigmund
  1196 | D:2      | Killed Sigmund
  1197 | D:2      | Reached skill level 7 in Ranged Weapons
  1197 | D:2      | Reached XP level 4. HP: 38/38 MP: 3/3
  1197 | D:2      | Reached XP level 5. HP: 45/45 MP: 4/4
  1549 | D:2      | 1549 ||| UPGRADING to amulet of the acrobat.
  1554 | D:2      | 1554 ||| UPGRADING to ring of willpower.
  1555 | D:2      | 1555 ||| READING scroll labelled QONAOKHLEOME.
  1560 | D:2      | 1560 ||| READING scroll labelled QODOELUIDA.
  1561 | D:2      | 1561 ||| READING scroll labelled BASIKHLU FIMOAS.
  1562 | D:2      | 1562 ||| READING 2 scrolls of identify.
  1562 | D:2      | 1562 ||| IDENTIFYING smoky white potion
  1585 | D:3      | 1585 ||| PLANNING SEWER
  1818 | D:3      | 1818 ||| Stepping ~*~*~tactically~*~*~ (water).
  1844 | D:3      | Found a glowing drain.
  1845 | D:3      | 1845 ||| UPGRADING to +0 cloak.
  1850 | D:3      | 1850 ||| UPGRADING to amulet of reflection.
  1860 | D:3      | 1860 ||| DROPPING amulet of the acrobat.
  1861 | D:3      | 1861 ||| READING scroll labelled GAISMENLESIPP.
  1861 | D:3      | Identified a scroll of acquirement
  1861 | D:3      | 1861 ||| ACQUIRING +0 pair of boots of the Stag {rCorr
                  | Str-4 Dex+3}
  1861 | D:3      | Acquired the +0 pair of boots of the Stag {rCorr Str-4
                  | Dex+3}
  1862 | D:3      | 1862 ||| READING 2 scrolls of identify.
  1862 | D:3      | 1862 ||| IDENTIFYING murky orange potion
  1868 | Sewer    | Entered a sewer
  1888 | D:3      | 1888 ||| PLANNING D:1-11
  1911 | D:3      | Reached skill level 1 in Armour
  2245 | D:3      | Reached XP level 6. HP: 52/52 MP: 5/5
  2254 | D:3      | 2254 ||| FLEEEEING.
  2262 | D:3      | 2262 ||| STAIRDANCE
  2291 | D:2      | 2291 ||| UPGRADING to +0 pair of boots of the Stag {rCorr
                  | Str-4 Dex+3}.
  2403 | D:4      | Found a runed translucent door.
  2409 | D:4      | Noticed qw's ghost (amateur MiHu)
  2450 | D:4      | Noticed Eustachio
  2461 | D:4      | Noticed Dowan
  2462 | D:4      | HP: 11/52 [Eustachio/+0 rapier (10)]
  2463 | D:4      | 2463 ||| READING scroll of teleportation.
  2465 | D:4      | HP: 5/52 [Eustachio/+0 rapier (6)]
  2469 | D:4      | Killed Eustachio
  2692 | D:4      | 2692 ||| Stepping ~*~*~tactically~*~*~ (outnumbered).
  2701 | D:4      | Reached skill level 8 in Ranged Weapons
  2701 | D:4      | Reached XP level 7. HP: 52/59 MP: 6/6
  2980 | D:4      | Noticed Duvessa
  2982 | D:4      | Killed Dowan
  2992 | D:4      | HP: 14/61 [Duvessa/+0 short sword (6)]
  2995 | D:4      | HP: 3/61 [Duvessa/+0 short sword (8)]
  2999 | D:4      | Slain by Duvessa

Levels and vault maps discovered:
D:1:      psy_arrival_spokes, layout_loops_ring, hangedman_decor_clover_reticule
D:2:      layout_loops_corners, nicolae_figureground_pulse, uniq_sigmund
D:3:      layout_basic, lightli_sewer_entry_pipes, fountainhead
D:4:      minmay_goblin_kobold_castle, layout_rooms, general_overflow_altar,
          lemuel_mausoleum_altar_kikubaaqudgha, ebering_ghost_reflecting_pool,
          feat_on_display, uniq_eustachio, uniq_duvessa, uniq_edmund

Skill      XL: |  1  2  3  4  5  6  7 |
---------------+----------------------+-----
Ranged Weapons | 5 7 8 |  8.2
Fighting       | 3 4 5 |  5.1
Armour         | 1 |  1.1
Dodging        | 4 |  4.1
Stealth        | |  0.7

Action                     |  1- 3 |  4- 6 |  7- 9 || total
---------------------------+-------+-------+-------++-------
   Fire: Shortbow          |    69 |   141 |    51 ||   261
    Use: Scroll            |     3 |     7 |       ||    10
 Armour: Leather armour    |     7 |     9 |     1 ||    17
  Dodge: Dodged            |    16 |    40 |     7 ||    63
  Block: Other             |       |     6 |     9 ||    15
         Reflection        |       |     1 |     1 ||     2

Table legend:
 A = Non-vault XP
 B = Vault XP
 C = Vault XP percentage of total XP
 D = Non-vault monster count
 E = Vault monster count
 F = Vault count percentage of total count
                 A         B        C        D         E       F
            +---------+---------+-------+---------+---------+-------
      Total |     435 |     568 |  56.6 |      70 |      23 |  24.7
            +---------+---------+-------+---------+---------+-------
        D:1 |      37 |       0 |   0.0 |      23 |       0 |   0.0
        D:2 |      17 |     231 |  93.1 |      11 |       1 |   8.3
        D:3 |     111 |      24 |  17.8 |      24 |       4 |  14.3
        D:4 |     270 |     300 |  52.6 |      12 |      17 |  58.6
      Sewer |       0 |      13 | 100.0 |       0 |       1 | 100.0
            +---------+---------+-------+---------+---------+-------
